 Dungeon Crawl Stone Soup version 0.21.0-3-g78d12a8bdd (webtiles) character file.

161 NullDivider the Sneak (level 5, -11/33 HPs)
             Began as an Octopode Artificer on Jan 9, 2018.
             Mangled by dengdeng's ghost (18 damage)
             ... on level 3 of the Dungeon.
             The game lasted 00:10:44 (2718 turns).

NullDivider the Sneak (Octopode Artificer)          Turns: 2718, Time: 00:10:44

Health: -11/33     AC:  1    Str: 11    XL:     5   Next: 42%
Magic:  8/8        EV: 14    Int: 13    God:
Gold:   93         SH:  0    Dex: 14    Spells: 4/4 levels left

rFire    . . .     SeeInvis .   a - +0 short sword
rCold    . . .     Gourm    .   (no shield)
rNeg     . . .     Faith    .   (helmet restricted)
rPois    .         Spirit   .   (no amulet)
rElec    .         Reflect  .   (no ring)
rCorr    .         Harm     .   (no ring)
MR       .....                  (no ring)
Stlth    ++++......             (no ring)
HPRegen  0.11/turn              (no ring)
MPRegen  0.11/turn              (no ring)
                                (no ring)
                                (no ring)

@: no status effects
A: almost no armour, stealthy swim, amphibious, 8 rings, constrict 8, camouflage
1, gelatinous body 1
a: no special abilities


You were on level 3 of the Dungeon.
You were not hungry.

You visited 1 branch of the dungeon, and saw 3 of its levels.

You collected 93 gold pieces.

Inventory:

Hand Weapons
 a - a +0 short sword (weapon)
Jewellery
 e - an uncursed ring of wizardry {unknown}
Wands
 b - a wand of flame (15)
 c - a wand of enslavement (14)
 d - a wand of random effects (13)
Scrolls
 i - 3 scrolls of identify {unknown}
 m - a scroll of remove curse {unknown}
 n - a scroll of random uselessness {unknown}
Potions
 g - 5 potions of curing {unknown}
 h - a potion of haste {unknown}
 j - a potion of resistance {unknown}
 k - 3 potions of lignification {unknown}
 l - a potion of flight {unknown}
Comestibles
 f - 8 rations
 o - 6 chunks of flesh


   Skills:
 + Level 1.6 Fighting
 + Level 2.4 Short Blades
 + Level 2.5 Dodging
 * Level 4.4 Stealth
 + Level 4.2 Evocations


You had 4 spell levels left.
You didn't know any spells.

Dungeon Overview and Level Annotations

Branches:
Dungeon (3/15)

Altars:

Annotations:
D:3 dengdeng's ghost, amateur HOBe


Innate Abilities, Weirdness & Mutations

You cannot wear most types of armour.
You are very stealthy in the water. (Stealth+)
You are amphibious.
You can wear up to eight rings at the same time.
You can use your tentacles to constrict eight enemies at once.
Your skin changes colour to match your surroundings (Stealth+).
Your rubbery body absorbs attacks. (AC +1, EV +1)


Message History

You catch the helpless dengdeng's ghost completely off-guard!
You hit dengdeng's ghost.
Dengdeng's ghost is lightly damaged.
You hit dengdeng's ghost but do no damage.
Dengdeng's ghost is lightly damaged.
Dengdeng's ghost seems less confused.
Dengdeng's ghost hits you! Dengdeng's ghost barely misses you.
You hit dengdeng's ghost but do no damage.
Dengdeng's ghost is lightly damaged.
Dengdeng's ghost closely misses you.
You hit dengdeng's ghost.
You squeeze dengdeng's ghost, but do no damage.
Dengdeng's ghost is lightly damaged.
Dengdeng's ghost hits you!
Ouch! That really hurt!
* * * LOW HITPOINT WARNING * * *
Dengdeng's ghost says, "Very impressive.
But it won't help.
Nothing will."
Dengdeng's ghost hits you!!
Ouch! That really hurt!
You die...

#.......... #..........
######### #..........
#.......######..........
#...........†...........
#........#####..........
#........# #..........
#...)....# #.....(....
#........#######@#######
...............W........
.........#######.#####.#
.#######.# #.#
.#######.# #..
.........# ###
..######## ..# ..#


You could see dengdeng's ghost.

Vanquished Creatures
  Natasha (twice) (D:2)
  4 adders
  A worm (D:2)
  2 dart slugs (D:1)
  3 leopard geckos
  An orc (D:3)
  6 giant cockroaches
  7 goblins
  7 hobgoblins
  5 jackals
  7 kobolds
  A quokka (D:3)
  A ball python (D:1)
  6 bats
  A frilled lizard (D:1)
  7 rats
61 creatures vanquished.

Vanquished Creatures (others)
  A jackal (D:3)
1 creature vanquished.

Grand Total: 62 creatures vanquished

Notes
Turn   | Place    | Note
-------+----------+-------------------------------------------
     0 | D:1      | NullDivider the Octopode Artificer began the quest for the Orb.
     0 | D:1      | Reached XP level 1. HP: 13/13 MP: 3/3
   114 | D:1      | Reached XP level 2. HP: 17/18 MP: 4/4
   633 | D:1      | Reached XP level 3. HP: 12/23 MP: 4/6
  1499 | D:2      | Reached XP level 4. HP: 27/28 MP: 7/7
  1756 | D:2      | Noticed Natasha
  1785 | D:2      | Killed Natasha
  2022 | D:2      | Noticed Natasha
  2030 | D:2      | Killed Natasha
  2030 | D:2      | Reached XP level 5. HP: 33/33 MP: 8/8
  2697 | D:3      | Noticed dengdeng's ghost (amateur HOBe)
  2718 | D:3      | Mangled by dengdeng's ghost

Skill      XL: |  1  2  3  4  5 |
---------------+----------------+-----
Stealth        | 2 3 4 |  4.4
Evocations     | 4 |  4.2
Short Blades   | 2 |  2.4
Fighting       | |  1.6
Dodging        | |  2.5

Action                   |  1- 3 |  4- 6 || total
-------------------------+-------+-------++-------
Melee: Short sword       |    83 |    60 ||   143
       Constrict         |    18 |    15 ||    33
       Tentacles         |    11 |    13 ||    24
Evoke: Wand              |       |     3 ||     3
 Stab: Sleeping          |     6 |     7 ||    13
       Distracted        |       |     1 ||     1
       Confused          |       |     1 ||     1
  Eat: Chunk             |     2 |     4 ||     6
Armor: Skin              |     7 |     4 ||    11
Dodge: Dodged            |    47 |    25 ||    72
